AoeStats
← Kit_tr

Arabia

505934593Analyzed
1v1 RM · 22d ago on Sep 11, 2026· 53m 44s· 2 players
Game mode
Random Map
Map size
Tiny (2 player)
Population
200
Speed
Normal
Resources
Standard
Victory
Conquest
Starting age
Dark Age
Ending age
Imperial Age
RankedLock teamsTeams togetherTeam positionsShared explorationLock speedFull tech treeHidden civsTurbo modeCheats
Victory
Defeat
🇨🇭 Mongols · Switzerland
759
+18
🇩🇪 Chinese · Germany
802
-38
mraxou85
7:44 Loom
10:08 Feudal Age
13:20 Double-Bit Axe
14:46 Horse Collar
16:14 Scale Barding Armor
19:41 Fletching
20:03 Forging
20:30 Bloodlines
22:01 Padded Archer Armor
22:16 Town Watch
24:57 Castle Age
26:17 Bodkin Arrow
26:30 Husbandry
26:40 Gold Mining
27:05 Thumb Ring
28:06 Wheelbarrow
29:10 Stone Mining
31:11 Leather Archer Armor
31:10 Crossbowman
32:55 Bow Saw
34:07 Heavy Plow
33:39 Elite Skirmisher
40:10 Ballistics
40:01 Masonry
40:42 Iron Casting
40:29 Chain Barding Armor
39:39 Light Cavalry
42:19 Hand Cart
42:08 Town Patrol
42:11 Murder Holes
46:46 Imperial Age
44:33 Nomads
44:51 Scale Mail Armor
44:14 Man-at-Arms
44:56 Squires
46:53 Elite Mangudai
48:02 Conscription
48:58 Chemistry
48:04 Siege Engineers
48:11 Bracer
48:25 Capped Ram
49:29 Drill
49:55 Siege Ram
50:23 Cavalier
51:53 Hussar
52:21 Arbalester
Kit_tr
12:12 Feudal Age
13:28 Wheelbarrow
12:37 Horse Collar
12:44 Double-Bit Axe
16:22 Man-at-Arms
21:45 Gold Mining
21:26 Man-at-Arms
21:55 Arson
22:12 Man-at-Arms
23:55 Stone Mining
26:32 Forging
26:22 Scale Mail Armor
29:21 Castle Age
31:50 Bow Saw
31:52 Heavy Plow
32:35 Iron Casting
31:56 Pikeman
32:38 Squires
32:01 Long Swordsman
36:08 Hand Cart
40:07 Gold Shaft Mining
51:49 Imperial Age
Connection lost

Rejoining the realm…

Still unreachable

The connection could not be restored.

Session expired

The server has moved on; the page needs a fresh start.